 Dungeon Crawl Stone Soup version 0.30-a0-779-g7971cf19c3 (webtiles) character file.

Game seed: 622679153058286662

43 Pimp the Stinger (level 3, 0/19 HPs)
             Began as a Deep Elf Venom Mage on Feb 17, 2023.
             Slain by a quokka (4 damage)
             ... on level 2 of the Dungeon.
             The game lasted 00:02:50 (1426 turns).

Pimp the Stinger (Deep Elf Venom Mage)              Turns: 1426, Time: 00:02:50

Health: 0/19       AC:  2    Str:  5    XL:     3   Next: 37%
Magic:  9/9        EV: 13    Int: 21    God:
Gold:   77         SH:  0    Dex: 15    Spells: 7/8 levels left

rFire   . . .      SeeInvis .    c - +0 hand axe
rCold   . . .      Faith    .    (no shield)
rNeg    . . .      Spirit   .    a - +0 robe
rPois   .          Reflect  .    (no helmet)
rElec   .          Harm     .    (no cloak)
rCorr   .          Rampage  .    (no gloves)
Will    .....                    (no boots)
Stlth   ++                       (no amulet)
HPRegen 0.23/turn                (no ring)
MPRegen 0.11/turn                (no ring)

@: no status effects
A: no striking features
a: no special abilities


You were on level 2 of the Dungeon.
You visited 1 branch of the dungeon, and saw 2 of its levels.

You collected 77 gold pieces.

Inventory:

Hand Weapons
 c - a +0 hand axe (weapon)
Armour
 a - a +0 robe (worn)
Scrolls
 d - a scroll of fear {unknown}
 e - a scroll of magic mapping {unknown}
 f - a scroll of blinking {unknown}
 g - a scroll of fog {unknown}
 i - a scroll of poison {unknown}
Potions
 b - a potion of magic
 h - a potion of brilliance {unknown}


   Skills:
 + Level 0.2 Fighting
 + Level 0.9 Axes
 + Level 3.1 Dodging
 + Level 2.7 Stealth
 + Level 3.2 Spellcasting
 + Level 1.3 Transmutations
 + Level 3.8 Poison Magic


You had 7 spell levels left.
You knew the following spells:

 Your Spells              Type           Power      Damage    Failure   Level
a - Sting                 Tmut/Pois      56%        1d5       4%          1

Your spell library contained the following spells:

 Spells                   Type           Power      Damage    Failure   Level
 Poisonous Vapours        Pois/Air       22%        N/A       9%          2
 Mephitic Cloud           Conj/Pois/Air  8%         N/A       24%         3
 Olgreb's Toxic Radiance  Pois           19%        N/A       26%         4


Dungeon Overview and Level Annotations

Branches:
Dungeon (2/15)

Altars:


Message History

Press: ? - help, Shift-Dir - straight line, f/p - adder
Aim: an adder (heavily wounded, poisoned, 53% to hit)
The sting hits the adder.
The adder looks even sicker.
The adder is severely wounded.
You feel sick. The adder bites you but does no damage.
You hit the adder.
The adder is almost dead.
You feel sick.
You are no longer poisoned.
You kill the adder!
You start resting.
Magic restored.
You start resting.
HP restored.
An endoplasm comes into view.
You see here 12 gold pieces.
Found 6 gold pieces.
A quokka comes into view.
Found a glowing ring mail and 5 gold pieces.
Found a stone staircase leading up.
The helpless endoplasm fails to defend itself.
You hit the endoplasm.
The endoplasm is lightly wounded.
The endoplasm freezes you.
You are frozen.
The endoplasm freezes you.
You are frozen.
The endoplasm attacks as you move away! The endoplasm barely misses you.
The quokka closely misses you.
You closely miss the quokka. You hit the endoplasm.
The quokka barely misses you. The endoplasm closely misses you.
The quokka bites you. The quokka misses you.
The quokka attacks as you move away! The quokka bites you.
The endoplasm attacks as you move away! The endoplasm closely misses you.
The quokka attacks as you move away! The quokka bites you.
* * * LOW HITPOINT WARNING * * *
The quokka attacks as you move away! The quokka closely misses you.
The quokka bites you.
You die...

#.###...........
...............
#.###....###....
#..#.# .#.
#..#.###..#
.#####.........#
.......$.......#
.###.###..######
#<@# #..#
#Jr###..#
#.......##
#..###...#
#..###..##
#.[.....#
#.<#.##.#
.......# ...
#.##$.... .###


You could see an endoplasm and a quokka.

Vanquished Creatures
  An adder (D:2)
  3 ball pythons (D:1)
  4 endoplasms (D:1)
  3 giant cockroaches (D:1)
  3 goblins (D:1)
  2 kobolds (D:1)
  3 quokkas (D:1)
  6 bats (D:1)
  6 rats (D:1)
31 creatures vanquished.

Notes
Turn   | Place    | Note
-------+----------+-------------------------------------------
     0 | D:1      | Pimp the Deep Elf Venom Mage began the quest for the Orb.
     0 | D:1      | Reached XP level 1. HP: 10/10 MP: 6/6
   234 | D:1      | Reached XP level 2. HP: 15/15 MP: 6/8
   569 | D:1      | Found a faded altar of an unknown god.
   982 | D:1      | Reached XP level 3. HP: 17/19 MP: 6/9
  1426 | D:2      | Slain by a quokka

Illustrated notes

Levels and vault maps discovered:
D:1:      lightli_arrival_noodles, layout_basic,
          hellmonk_ecumenical_altar_slurped_away, minmay_tromino_v2
D:2:      layout_loops_ring, uniq_natasha

Skill      XL: |  1  2 |
---------------+-------+-----
Dodging        | 3 |  3.1
Fighting       | |  0.2
Axes           | |  0.9
Stealth        | |  2.7
Spellcasting   | |  3.2
Transmutations | |  1.3
Poison Magic   | |  3.8

Action                     || total
---------------------------++-------
  Melee: Hand axe          ||    81
         Punch             ||     1
   Cast: Sting             ||    21
   Stab: Sleeping          ||    13
 Armour: Robe              ||    25
  Dodge: Dodged            ||    84

Table legend: (Time is in decaauts)
 A = Elapsed time spent in this place.
 B = Non-inter-level travel time spent in this place.
 C = Inter-level travel time spent in this place.
 D = Time resting spent in this place.
 E = Time spent auto-exploring this place.
 F = Levels seen in this place.
 G = Mean time per level.
                   A        B        C        D        E       F      G
               +--------+--------+--------+--------+--------+-----+--------+
         Total |   1448 |   1420 |     28 |    284 |    825 |   2 |  724.0 |
       Dungeon |   1448 |   1420 |     28 |    284 |    825 |   2 |  724.0 |
               +--------+--------+--------+--------+--------+-----+--------+

Top non-repeatable levels by time:
     D:1: 1371 daAuts
     D:2: 76 daAuts
